 Dungeon Crawl Stone Soup version 0.29.1-4-g47bece8355 (webtiles) character file.

Game seed: 3641802730821970598

4 H0rd4k the Charlatan (level 1, 0/13 HPs)
             Began as an Octopode Artificer on Dec 5, 2022.
             Slain by a quokka (4 damage)
             ... on level 1 of the Dungeon.
             The game lasted 00:00:25 (460 turns).

H0rd4k the Charlatan (Octopode Artificer)            Turns: 460, Time: 00:00:26

Health: 0/13       AC:  1    Str: 11    XL:     1   Next: 70%
Magic:  1/1        EV: 13    Int: 13    God:
Gold:   27         SH:  0    Dex: 12    Spells: 1/1 levels left

rFire   . . .      SeeInvis .   (no weapon)
rCold   . . .      Faith    .   (no shield)
rNeg    . . .      Spirit   .   (helmet restricted)
rPois   .          Reflect  .   (no amulet)
rElec   .          Harm     .   (no ring)
rCorr   .          Rampage  .   (no ring)
Will    .....                   (no ring)
Stlth   +++.......              (no ring)
HPRegen 0.04/turn               (no ring)
MPRegen 0.07/turn               (no ring)
                                (no ring)
                                (no ring)

@: no status effects
A: almost no armour, amphibious, 8 rings, camouflage 1, gelatinous body 1,
(nimble swimmer 1), tentacles
a: no special abilities


You were on level 1 of the Dungeon.
You visited 1 branch of the dungeon, and saw 1 of its levels.

You collected 27 gold pieces.

Inventory:

Wands
 b - a wand of flame (15) (quivered)
 c - a wand of charming (14)
 d - a wand of iceblast (5)
Scrolls
 a - a scroll of enchant armour {unknown}


   Skills:
 * Level 1.2 Fighting
 - Level 2.3 Dodging
 - Level 1.3 Stealth
 + Level 0.2 Unarmed Combat
 * Level 0.5 Spellcasting
 - Level 3.2 Evocations


You had one spell level left.
You didn't know any spells.
Your spell library was empty.

Dungeon Overview and Level Annotations

Branches:
Dungeon (1/15)

Altars:


Innate Abilities, Weirdness & Mutations

You cannot wear most types of armour.
You are amphibious.
You can wear up to eight rings at the same time.
Your skin changes colour to match your surroundings (Stealth+).
Your rubbery body absorbs attacks. (AC +1, EV +1)
((You are camouflaged when in or above water. (Stealth+)))
You have tentacles for arms and can constrict up to eight enemies at once.


Message History

You barely miss the kobold. You grab the kobold. You constrict the kobold.
The kobold hits you but does no damage.
You tentacle-slap the kobold.
The kobold is severely wounded.
You constrict the kobold, but do no damage.
The kobold completely misses you.
You completely miss the kobold.
The kobold is severely wounded.
You constrict the kobold.
You kill the kobold!
Aiming: Charm
Press: ? - help, Shift-Dir - straight line, f - goblin
Aim: a goblin, wielding a +0 club (chance to affect: 73%)
The goblin is charmed.
Unknown command.
You swap places.
Things that are here:
a +0 whip; 3 stones The goblin is no longer charmed.
The goblin closely misses you.
A goblin is nearby!
A goblin is nearby!
You miss the goblin. You grab the goblin. You constrict the goblin.
The goblin closely misses you.
You tentacle-slap the goblin.
The goblin is severely wounded.
You constrict the goblin.
You kill the goblin!
Items here: ( )) †.
Key pressed, stopping explore.
You are too injured to fight recklessly!
A quokka comes into view.
The quokka bites you.
Items here: ( )) †.
A quokka is nearby!
A quokka is nearby!
You are too injured to fight recklessly!
You tentacle-slap the quokka but do no damage.
Your grab misses the quokka. Your squeeze misses the quokka.
The quokka bites you.
You die...

####.......#######...####
#.....#.# #....)....
#.###.#.# #.#.#####. #.#
#.#.# #.#.# #. #.###.#.#
#.#.### #. #.......#
#.#...# #. #####.###
#.###.###. #.# #.........
#######@# ##>##.###.
......r.# #.##.# #.
######### #.##.# #.
#.##.###. #.##.....
#........ #########


You could see a quokka.

Vanquished Creatures
  An endoplasm (D:1)
  A goblin (D:1)
  2 frilled lizards (D:1)
  A kobold (D:1)
5 creatures vanquished.

Notes
Turn   | Place    | Note
-------+----------+-------------------------------------------
     0 | D:1      | H0rd4k the Octopode Artificer began the quest for the Orb.
     0 | D:1      | Reached XP level 1. HP: 13/13 MP: 1/1
   460 | D:1      | Slain by a quokka

Illustrated notes

Levels and vault maps discovered:
D:1:      dpeg_arrival_boxorama, layout_loops_corners, nrook_mini_backslash

Action                   || total
-------------------------++-------
Melee: Unarmed           ||    16
       Constrict         ||     2
       Tentacles         ||     1
Evoke: Wand              ||     1
 Stab: Sleeping          ||     2
Armor: Skin              ||     2
Dodge: Dodged            ||     8
